 Dungeon Crawl Stone Soup version 0.31-a0-968-g24f9ace8b5 (webtiles) character file.

Game seed: 5218348335441496322

310 Dittersdorf the Shield-Bearer (level 6, -4/39 HPs)
             Began as a Gargoyle Fighter on Oct 27, 2023.
             Slain by a gnoll sergeant
             ... wielding a +0 spear
              (10 damage)
             ... on level 4 of the Dungeon.
             The game lasted 00:02:47 (2765 turns).

Dittersdorf the Shield-Bearer (Gargoyle Fighter)    Turns: 2765, Time: 00:02:47

Health: -4/39      AC: 18    Str: 22    XL:     6   Next: 41%
Magic:  6/6        EV:  9    Int:  8    God:
Gold:   167        SH:  4    Dex:  9    Spells: 5/5 levels left

rFire   . . .        a - +0 flail
rCold   . . .        c - +0 buckler
rNeg    + . .        b - +0 scale mail
rPois   ∞            (no helmet)
rElec   +            (no cloak)
rCorr   .            l - +0 pair of gloves
SInv    .            j - +0 pair of boots
Will    .....        s - amulet of the acrobat Stlth
                     e - +4 ring of protection
HPRegen 0.26/turn    (no ring)
MPRegen 0.10/turn

%: acrobat
@: no status effects
A: sickness immunity, AC +4, negative energy resistance 1, electricity
resistance, torment resistance 1, petrification resistance
a: no special abilities


You were on level 4 of the Dungeon.
You visited 1 branch of the dungeon, and saw 4 of its levels.

You collected 167 gold pieces.

Inventory:

Hand Weapons
 a - a +0 flail (weapon)
Armour
 b - a +0 scale mail (worn)
 c - a +0 buckler (worn)
 j - a +0 pair of boots (worn)
 l - a +0 pair of gloves (worn)
Jewellery
 e - a +4 ring of protection (left hand)
 s - an amulet of the acrobat (around neck)
Scrolls
 f - a scroll of revelation {unknown}
 g - a scroll of enchant armour {unknown}
 h - a scroll of vulnerability {unknown}
 m - a scroll of brand weapon {unknown}
 n - a scroll of identify {unknown}
 p - a scroll of butterflies {unknown}
 q - a scroll of enchant weapon {unknown}
Potions
 d - 3 potions of might
 i - 2 potions of curing {unknown}
 k - a potion of enlightenment {unknown}
 o - a potion of mutation {unknown}
 r - 2 potions of resistance {unknown}


   Skills:
 + Level 4.7 Fighting
 + Level 3.6 Maces & Flails
 + Level 4.7 Armour
 + Level 4.8 Shields


You had 5 spell levels left.
You didn't know any spells.
Your spell library contained the following spells:

 Spells                   Type           Power      Damage    Failure   Level
 Sandblast                Erth           0%         2d4       78%         1
 Passwall                 Tmut/Erth      0%         N/A       89%         2
 Stone Arrow              Conj/Erth      0%         3d7       98%         3
 Brom's Barrelling Bould  Conj/Erth      0%         2d3       100%        4
 Manifold Assault         Tloc           0%         N/A       100%        4
 Dispersal                Tloc           0%         N/A       100%        6
 Disjunction              Tloc           0%         N/A       100%        8


Dungeon Overview and Level Annotations

Branches:
Dungeon (4/15)
 Temple: D:4-7

Altars:

Shops:
D:2 ?


Innate Abilities, Weirdness & Mutations

You are immune to sickness and miasma.
Your stone body is resilient. (AC +4)
You are immune to poison.
You resist negative energy. (rN+)
You are resistant to electric shocks. (rElec)
You are resistant to unholy torment.
You are immune to petrification.


Message History

You block the gnoll sergeant's attack. The jackal barely misses you.
The gnoll sergeant closely misses you.
You hit the jackal.
The jackal is severely wounded.
You block the jackal's attack. The jackal barely misses you.
The gnoll sergeant barely misses you.
You closely miss the jackal.
The jackal is severely wounded.
The jackal barely misses you. You block the gnoll sergeant's attack.
The jackal bites you but does no damage.
You closely miss the jackal.
The jackal is severely wounded.
The jackal bites you but does no damage.
The gnoll sergeant barely misses you. The jackal barely misses you.
You sock the jackal!
You kill the jackal!
The gnoll sergeant hits you from afar with a +0 spear.
* * * LOW HITPOINT WARNING * * *
The gnoll sergeant barely misses you. The gnoll sergeant barely misses you.
The gnoll barely misses you.
You see here a jackal corpse.
You hit the gnoll sergeant.
The gnoll sergeant is lightly wounded.
The gnoll sergeant closely misses you.
The gnoll hits you from afar with a +0 spear.
* * * LOW HITPOINT WARNING * * *
You barely miss the gnoll sergeant.
The gnoll sergeant is lightly wounded.
You block the gnoll sergeant's attack. You block the gnoll's attack.
You sock the gnoll sergeant!
The gnoll sergeant is heavily wounded.
The gnoll sergeant hits you but does no damage.
The gnoll hits you but does no damage.
You barely miss the gnoll sergeant.
The gnoll sergeant is heavily wounded.
The gnoll sergeant barely misses you. The gnoll misses you.
You hit the gnoll sergeant but do no damage.
The gnoll sergeant is heavily wounded.
The gnoll sergeant hits you with a +0 spear!
You die...

#.# #.# #.# #.# #.#
#S# #.# #g# #.# #g#
#<###### #g#
#......## #.#
#.###...########g#
#............@gggS#
....###...##########
.##..# ##.## . #..#
#.# #..# #.# ...#
#.# #.. ##


You could see a gnoll sergeant, 3 gnolls and a ball python.

Vanquished Creatures
  A scorpion (D:4)
  A howler monkey (D:3)
  Jessica (D:3)
  Natasha (thrice) (D:2)
  3 gnolls (D:3)
  3 adders
  A worm (D:2)
  A dart slug (D:1)
  An orc (D:3)
  4 ball pythons
  6 endoplasms
  2 giant cockroaches (D:1)
  2 hobgoblins (D:1)
  3 jackals (D:4)
  3 quokkas
  5 bats
  A frilled lizard (D:3)
  2 goblins (D:1)
  4 kobolds
  4 rats
51 creatures vanquished.

Notes
Turn   | Place    | Note
-------+----------+-------------------------------------------
     0 | D:1      | Dittersdorf the Gargoyle Fighter began the quest for the
                  | Orb.
     0 | D:1      | Reached XP level 1. HP: 14/14 MP: 1/1
   196 | D:1      | Reached XP level 2. HP: 19/19 MP: 2/2
   784 | D:1      | Reached XP level 3. HP: 24/24 MP: 3/3
  1043 | D:2      | Found Nuxemegi's Magic Scroll Shop.
  1115 | D:2      | Noticed Natasha
  1121 | D:2      | Killed Natasha
  1122 | D:2      | Reached XP level 4. HP: 28/29 MP: 4/4
  1160 | D:2      | Noticed Natasha
  1174 | D:2      | Killed Natasha
  1397 | D:2      | Found Nuxemegi's Magic Scroll Shop.
  1517 | D:2      | Noticed Natasha
  1536 | D:2      | Killed Natasha
  1537 | D:2      | Reached XP level 5. HP: 33/33 MP: 5/5
  1780 | D:3      | Found a faded altar of an unknown god.
  2343 | D:3      | Noticed Jessica
  2349 | D:3      | Killed Jessica
  2350 | D:3      | Reached XP level 6. HP: 36/39 MP: 6/6
  2765 | D:4      | Slain by a gnoll sergeant

Illustrated notes

Levels and vault maps discovered:
D:1:      minmay_arrival_jagged, layout_basic, minmay_tromino_i4
D:2:      layout_rooms, serial_shops, shop, grunt_decor_resistance, uniq_natasha
D:3:      layout_loops_ring, shapermc_ecumenical_altar_mp_urbaneastern,
          uniq_jessica
D:4:      layout_loops_ring

Skill      XL: |  1  2  3  4 |
---------------+-------------+-----
Fighting       | 4 |  4.7
Shields        | 4 |  4.8
Armour         | 4 |  4.7
Maces & Flails | 3 |  3.6

Action                     |  1- 3 |  4- 6 || total
---------------------------+-------+-------++-------
  Melee: Flail             |   103 |   180 ||   283
         Unarmed           |       |    16 ||    16
 Armour: Scale mail        |    63 |   126 ||   189
         Skin              |       |     3 ||     3
  Dodge: Dodged            |    60 |   110 ||   170
  Block: Buckler           |    22 |    30 ||    52

Table legend: (Time is in decaauts)
 A = Elapsed time spent in this place.
 B = Non-inter-level travel time spent in this place.
 C = Inter-level travel time spent in this place.
 D = Time resting spent in this place.
 E = Time spent auto-exploring this place.
 F = Levels seen in this place.
 G = Mean time per level.
                   A        B        C        D        E       F      G
               +--------+--------+--------+--------+--------+-----+--------+
         Total |   2870 |   2820 |     50 |     56 |   2106 |   4 |  717.5 |
       Dungeon |   2870 |   2820 |     50 |     56 |   2106 |   4 |  717.5 |
               +--------+--------+--------+--------+--------+-----+--------+

Top non-repeatable levels by time:
     D:1: 986 daAuts
     D:3: 965 daAuts
     D:2: 764 daAuts
     D:4: 154 daAuts
